[Event "*** MasterClass Titled Tuesday Blitz"]
[Site "Chess.com"]
[Date "2017.08.01"]
[Round "5"]
[White "GMKrikor"]
[Black "CheckThis4"]
[Result "1-0"]
[WhiteElo "2511"]
[BlackElo "2301"]
[TimeControl "180+2"]
[EndTime "14:05:33 PDT"]
[Termination "GMKrikor won on time"]

1. e4 e6 2. d4 d5 3. Nd2 Be7 4.
Ngf3 Nf6 5. e5 Nfd7 6. Bd3 c5 7. c3 Nc6 8. O-O O-O 9. Re1 f6 10. Nf1 fxe5 11. dxe5 Rxf3 12. Qxf3 Ndxe5 13. Qe2 Nxd3 14. Qxd3 Qc7 15. Bd2 Bd7 16. Rad1 Rf8 17. Ng3 Ne5 18. Qe2 Bd6 19. Bc1 a6 20. Qh5 g6 21. Qh4 c4 22.
Bh6 Rf7 23. Bf4 Nf3+ 24. gxf3 Rxf4 25. Qg5 Rxf3 26. Kg2 Rf7 27. Qg4 e5 28. Qe2 Bc6 29. Kg1 Qd7 30. Rd2 Qh3 31. Qf1 Qg4 32. Qg2 d4 33.
Ne4 Qxg2+ 34. Kxg2 Rf4 35. f3 Bxe4 36. Rxe4 Rxe4 37.
fxe4 d3 38. Kf3 Kf7 39. Rg2 Bf8 40. Rg1 h5 41. a4 b5 42. axb5 axb5 43. Ra1 b4 44.
Ra4 bxc3 45. bxc3 d2 46. Ke2 Bh6 47. Rxc4 Kf6 48. Rc6+ Kf7 49. c4 Bf4 50. h3 g5 51.
c5 g4 52. hxg4 h4 53. Rd6 h3 54. Kf3 h2 55. Kg2 Be3 56. Rd3 Bf4 57. c6 1-0

[Event "*** MasterClass Titled Tuesday Blitz"]
[Site "Chess.com"]
[Date "2017.08.01"]
[Round "5"]
[White "GasconJR"]
[Black "Anton_Demchenko"]
[Result "0-1"]
[WhiteElo "2344"]
[BlackElo "2735"]
[TimeControl "180+2"]
[EndTime "14:05:35 PDT"]
[Termination "Anton_Demchenko won by resignation"]

1. Nf3 Nf6 2. c4 e6 3. g3 d5 4. d4 Bb4+ 5. Bd2 Be7 6. Bg2 O-O 7. O-O Nbd7 8. Qc2 Ne4 9. Nc3 Nxd2 10. Nxd2 c6 11.
e3 f5 12. Rab1 a6 13. b4 Nf6 14. a4 Bd7 15. b5 axb5 16. axb5 Qc7 17. Qb3 Ra3 18. Qb2 Rfa8 19. Rfc1 Qa5 20. Nb3 Qb4 21. Nc5 Qxb2 22. Rxb2 Bxc5 23. dxc5 Ne4 24. Bxe4 fxe4 25.
cxd5 exd5 26. Ne2 Bh3 27. Nf4 Bg4 28. Kg2 g5 29. Ne2 Bf3+ 30. Kh3 Ra2 31. Rcc2 Rxb2 32. Rxb2 Bxe2 33. Rxe2 Ra5 34. bxc6 bxc6 35. Rc2 Kg7 36. g4 Kf6 37. Kg3 Ke5 38. h4 h6 39. h5 d4 40.
exd4+ Kxd4 41. Rd2+ Kxc5 42. Rd8 Ra3+ 43. Kg2 Ra2 44.
Kg3 Ra3+ 45. Kg2 Rd3 46. Rh8 Rd6 47. Kf1 Kd4 48. Ke2 c5 49. Rg8 c4 50. Rg6 Ke5 51. Ke3 c3 52. Rg8 Rc6 53. Re8+ Kd5 54. Rd8+ Ke6 55. Rd1 c2 56. Rc1 Ke5 0-1

[Event "*** MasterClass Titled Tuesday Blitz"]
[Site "Chess.com"]
[Date "2017.08.01"]
[Round "5"]
[White "GMMarcinDziuba"]
[Black "Jospem"]
[Result "1-0"]
[WhiteElo "2544"]
[BlackElo "2594"]
[TimeControl "180+2"]
[EndTime "14:05:37 PDT"]
[Termination "GMMarcinDziuba won by checkmate"]

1. d4 Nf6 2. c4 e6 3. Nf3 d5 4.
g3 Bb4+ 5. Bd2 Be7 6. Bg2 O-O 7. O-O Nbd7 8. Qc2 c6 9. Rd1 b6 10. Bf4 a5 11. Ne5 Bb7 12. cxd5 cxd5 13. Nc6 Bxc6 14. Qxc6 Rc8 15. Qb5 Ne8 16. Nc3 Rc4 17. Rac1 g5 18.
Be3 Rb4 19. Qd3 Rxb2 20. Bd2 f5 21. Nxd5 exd5 22. Bxd5+ Kh8 23. Bc3 Ndf6 24. Be6 Rb4 25. Bxb4 Bxb4 26. Bxf5 Qe7 27. a3 Bxa3 28. Rc6 Ng7 29. Bh3 Bb4 30. Bg2 Qd8 31. h3 Qb8 32. e4 Be7 33. e5 Nd7 34. Rh6 Nf5 35. Rh5 Qe8 36. g4 a4 37. Be4 Nh4 38. Rxh7+ Kg8 39.
Bd5+ Rf7 40. Bxf7+ Qxf7 41. Rxf7 Kxf7 42. Qc4+ Kg7 43.
Qxa4 Nf8 44. d5 Nf3+ 45. Kh1 Nxe5 46. d6 Bf6 47. d7 Nf7 48. Re1 b5 49. Qxb5 Ng6 50.
Re8 Nge5 51. Qd5 Ng6 52. Re6 Nf4 53. Qf5 Nxe6 54. Qxe6 Nd8 55. Qe8 Nf7 56. h4 gxh4 57.
f4 Bd8 58. Kg2 Bc7 59. g5 Bxf4 60. d8=Q Nxd8 61. Qxd8 Be5 62. Qe7+ Kg6 63. Qxe5 Kh5 64. Kh3 Kg6 65. Qf6+ Kh7 66. g6+ Kg8 67. Qf7+ Kh8 68. Qf8# 1-0

[Event "*** MasterClass Titled Tuesday Blitz"]
[Site "Chess.com"]
[Date "2017.08.01"]
[Round "5"]
[White "viggi38"]
[Black "kleinebeer98"]
[Result "1/2-1/2"]
[WhiteElo "2392"]
[BlackElo "2456"]
[TimeControl "180+2"]
[EndTime "14:05:53 PDT"]
[Termination "Game drawn by repetition"]

1. c4 c5 2. Nc3 Nc6 3. g3 g6 4. Bg2 Bg7 5. Nf3 e6 6. d3 Nge7 7. Bg5 h6 8. Bd2 d5 9. O-O b6 10. Qc1 Bb7 11. a3 dxc4 12. dxc4 Na5 13. Qc2 O-O 14.
b3 Nf5 15. Rad1 Qe7 16. e3 Rfd8 17. Ne2 Nc6 18. Bc3 Qf8 19. Qb2 Bxc3 20. Qxc3 Rxd1 21. Rxd1 Rd8 22. Qc2 Na5 23. g4 Ne7 24. Rxd8 Qxd8 25. b4 cxb4 26. axb4 Nac6 27. b5 Na5 28. Ned4 Qc7 29.
Nd2 Bxg2 30. Kxg2 e5 31. N4b3 Nxb3 32. Nxb3 Qb7+ 33. f3 a6 34. Qd3 axb5 35. cxb5 Nd5 36.
Kf2 Qa8 37. Qc2 Qd8 38. Ke2 Qh4 39. Qc4 Qxh2+ 40. Kd3 Nf6 41. Qc6 e4+ 42. fxe4 Qe5 43. Nd4 Nxg4 44. Qxb6 Nf2+ 45. Ke2 Nxe4 46. Qd8+ Kg7 47.
b6 Qh5+ 48. Kd3 Nc5+ 49. Kc4 Na6 50. Qd5 Qd1 51. Qe5+ Kh7 52. b7 Qc1+ 53. Kd5 Qc5+ 54.
Ke4 Qxe5+ 55. Kxe5 h5 56. Kd6 h4 57. Kc6 h3 58. Nf3 Kh6 59. Kb6 Nb8 60. Kc7 Na6+ 61.
Kb6 Nb8 62. Kc7 Na6+ 63. Kb6 Nb8 64. Ka7 Nc6+ 65. Kb6 Nb8 66. Kc7 Na6+ 67. Kb6 Nb8 1/2-1/2

[Event "*** MasterClass Titled Tuesday Blitz"]
[Site "Chess.com"]
[Date "2017.08.01"]
[Round "5"]
[White "renanreis"]
[Black "prochn"]
[Result "1/2-1/2"]
[WhiteElo "2077"]
[BlackElo "2259"]
[TimeControl "180+2"]
[EndTime "14:06:15 PDT"]
[Termination "Game drawn by stalemate"]

1. e4 c6 2. Nf3 d5 3. Nc3 Nf6 4. e5 Ne4 5. Be2 e6 6. O-O Nxc3 7. bxc3 c5 8. d4 Nc6 9. Rb1 Qa5 10. Be3 c4 11. Ng5 h6 12. Nh3 Qxc3 13. Nf4 b6 14. Bh5 Bd7 15. Ne2 Qa3 16. f4 Qxe3+ 17. Kh1 g6 18.
Rf3 Qe4 19. Bg4 h5 20. Bh3 Bb4 21. c3 Ba3 22. Ng3 Qxf3 23. Qxf3 Ne7 24. Nf1 Nf5 25. Bxf5 gxf5 26. Ng3 h4 27. Nh5 Be7 28. Nf6+ Kd8 29. a4 Kc7 30. a5 Bxf6 31. axb6+ axb6 32. exf6 Rhg8 33. Qe3 Ra2 34. Qe5+ Kc6 35. Rg1 Rc2 36. Qe3 Ra8 37. Qh3 Ra3 38. Qxh4 Raxc3 39. Qh8 Kc7 40.
Qa8 Bc6 41. Qa7+ Bb7 42. Qa1 Rb3 43. h4 Rbb2 44. h5 Ra2 45. Qb1 Rcb2 46. Qc1 Rc2 47. Qe1 Ra8 48. Qe5+ Kd7 49. Rb1 Rh8 50. Rxb6 Rxh5+ 51. Kg1 Bc6 52. Qb8 Rc1+ 53. Kf2 Rc2+ 54. Ke3 Rh1 55. Qa7+ Kd6 56. Qa3+ Kc7 57. Qa5 Re1+ 58.
Kf3 Rf1+ 59. Kg3 Ra1 60. Rxc6+ Kxc6 61. Qxa1 Re2 62. Qa4+ Kb6 63. Qb4+ Ka6 64. Qd6+ Kb5 65. Qd7+ Kb4 66. Qxf7 c3 67. Qb7+ Kc4 68. Qa6+ Kxd4 69. Qxe2 c2 70. Qxc2 e5 71. f7 exf4+ 72. Kxf4 1/2-1/2

[Event "*** MasterClass Titled Tuesday Blitz"]
[Site "Chess.com"]
[Date "2017.08.01"]
[Round "5"]
[White "KNVB"]
[Black "MITerryble"]
[Result "0-1"]
[WhiteElo "2512"]
[BlackElo "2686"]
[TimeControl "180+2"]
[EndTime "14:07:59 PDT"]
[Termination "MITerryble won by checkmate"]

1. d4 e6 2. c4 Bb4+ 3. Bd2 Qe7 4. Nf3 Nf6 5. Nc3 O-O 6. g3 d6 7.
Bg2 e5 8. O-O Re8 9. Re1 Bg4 10.
dxe5 dxe5 11. Nd5 Nxd5 12. cxd5 Bd6 13. h3 Bd7 14. e4 Na6 15. Bc3 Nc5 16. b3 a5 17. Kh2 Bb5 18. Qd2 b6 19. Rab1 Bd3 20.
Nh4 Bxb1 21. Nf5 Qf8 22. Rxb1 g6 23. Nh6+ Kh8 24. Re1 Qg7 25. Ng4 h5 26. Ne3 Kh7 27. Qc2 Qh6 28. h4 Rf8 29. Bf1 Kg8 30. Bd2 Qh7 31.
Bh3 Rae8 32. Kg2 Qg7 33. Bc3 f6 34. f3 Kh7 35. Kh2 Qe7 36. Re2 Ra8 37. Rf2 b5 38.
Bd2 Na6 39. Bxa5 Bc5 40. Re2 Nb4 41. Bxb4 Bxb4 42. Be6 Qc5 43. Qd1 Qd4 44. Qf1 Bc5 45.
g4 Qd3 46. Nc2 Rxa2 47. Qg2 hxg4 48. fxg4 Kg7 49. h5 Rh8 50. b4 Bb6 51. d6 Rxc2 52.
Rxc2 Qxd6 53. Bd5 Qxb4 54. Qf3 Qe1 55. Rg2 Qh4+ 56. Qh3 Qxh3+ 57. Kxh3 Bd4 58. Bc6 b4 59. Ba4 c5 60. Bb3 Ra8 61. Ra2 Rh8 62. Bd1 c4 63. Ra4 Rb8 64. Be2 b3 65. Rxc4 b2 66. Rc7+ Kh6 67. Bd3 b1=Q 68. Bxb1 Rb3+ 69. Kg2 Rxb1 70.
Rc6 Rb2+ 71. Kf3 Rb3+ 72. Kg2 Rb6 73. Rc8 gxh5 74. Rh8+ Kg7 75. Rxh5 Kg6 76. Rf5 Rb2+ 77. Kg3 Rb3+ 78. Kg2 Re3 79. Rh5 Rxe4 80. Kf3 Rf4+ 81. Kg3 Bf2+ 82. Kh3 e4 83. Rh8 e3 84. Re8 Kf7 85. Ra8 e2 86. g5 e1=Q 87. g6+ Kxg6 88. Rg8+ Kf7 89. Rg1 Rh4+ 90. Kg2 Qxg1+ 91. Kf3 Qg3+ 92.
Ke2 Qe3+ 93. Kf1 Rh1+ 94. Kg2 Rg1+ 95. Kh2 Qg3# 0-1

[Event "*** MasterClass Titled Tuesday Blitz"]
[Site "Chess.com"]
[Date "2017.08.01"]
[Round "5"]
[White "jcibarra"]
[Black "maciek_92"]
[Result "1/2-1/2"]
[WhiteElo "2651"]
[BlackElo "2523"]
[TimeControl "180+2"]
[EndTime "14:09:04 PDT"]
[Termination "Game drawn by repetition"]

1. e4 c5 2. c3 Nf6 3. e5 Nd5 4. d4 cxd4 5. Nf3 e6 6. cxd4 Nc6 7. a3 d6 8. Bd3 Be7 9. O-O O-O 10. Qc2 g6 11.
Bh6 Re8 12. Qe2 Qb6 13. Rd1 Bd7 14. Nc3 dxe5 15. dxe5 Nxc3 16. bxc3 Red8 17. h4 Qa5 18.
h5 Be8 19. hxg6 hxg6 20. Rab1 b6 21. c4 Qxa3 22. Bc1 Qc5 23. Be3 Qa3 24. Bc1 Qc5 25.
Bb2 Rd7 26. Be4 Rad8 27. Rxd7 Rxd7 28. Bc3 Rd8 29. g3 Qa3 30. Bb2 Qa2 31. Ra1 Qb3 32.
Bxc6 Bxc6 33. Nd4 Rxd4 34. Bxd4 Kg7 35. Re1 a5 36. Rc1 a4 37. Qd1 Be4 38. Qxb3 axb3 39. Bb2 Bc2 40. f4 Bc5+ 41. Kg2 g5 42. Kf3 Kg6 43. Rh1 Bd3 44. Rh8 gxf4 45. gxf4 Kg7 46. Rh4 Kf8 47. Rh8+ Ke7 48. Ra8 Bxc4 49. Ra7+ Kf8 50.
Ke4 b5 51. Ra8+ Kg7 52. Ra1 Kg6 53. Rd1 Bf2 54. Rd7 Bc5 55. Rc7 Bb4 56. Rd7 Bc5 57. Rc7 Bf2 58. Kf3 Bb6 59. Rd7 Bd5+ 60. Kg4 Be4 61.
Kg3 Be3 62. Rd8 Kf5 63. Rf8 Bxf4+ 64. Kf2 Kg6 65. Rg8+ Kf5 66. Rf8 Bxe5 67. Rxf7+ Kg6 68. Bxe5 Kxf7 69. Ke3 Bd5 70. Kf4 Ke7 71. Bb2 Kd6 72. Ba1 Kc5 73. Ke3 Bc4 74. Bb2 Kd5 75. Kf4 Bd3 76. Ke3 Bf5 77. Kf4 Bh7 78. Ba1 Kc4 79. Ke3 b2 80. Bxb2 Kb3 81. Be5 Kc2 82. Bd6 Kc3 83. Be5+ Kc4 84. Bb2 Kb3 85. Be5 b4 86. Kd2 Kc4 87. Ke3 Bf5 88. Bf6 Kb3 89. Kd2 Kc4 90. Ke3 Kd5 91. Kf4 Bh7 92. Bg7 Kc5 93. Ke3 Kc4 94. Bf6 Kd5 95. Kf4 Bc2 96. Bg7 Kc4 97. Ke3 Kb3 98. Kd2 Bf5 99. Bf6 Ka3 100. Be7 Kb3 101. Bf6 Ka2 102. Kc1 b3 103. Be5 Ka3 104. Bf6 Kb4 105. Kd2 Kc5 106. Ke3 Kc4 107. Bb2 Kd5 108. Kf4 Kc4 109. Ke3 Kd5 110. Kf4 Kc4 111. Ke3 Kd5 112.
Kf4 1/2-1/2

[Event "*** MasterClass Titled Tuesday Blitz"]
[Site "Chess.com"]
[Date "2017.08.01"]
[Round "5"]
[White "biostatistician"]
[Black "Journey_to_GrandMaster_YT"]
[Result "0-1"]
[WhiteElo "2454"]
[BlackElo "2343"]
[TimeControl "180+2"]
[EndTime "14:09:22 PDT"]
[Termination "Journey_to_GrandMaster_YT won by resignation"]

1. d4 d6 2. Nf3 Nf6 3. c4 Nbd7 4. Nc3 e5 5. e4 Be7 6. Be2 O-O 7. O-O c6 8. Be3 a6 9. d5 cxd5 10. cxd5 b5 11. Nd2 Ne8 12. b4 Bg5 13. Bxg5 Qxg5 14. a4 bxa4 15. Rxa4 f5 16. exf5 Qxf5 17. Bg4 Qd3 18.
Be6+ Kh8 19. Nde4 Qxd1 20. Rxd1 Nb6 21. Ra5 Nc4 22. Ra2 Nc7 23. Bxc8 Rfxc8 24. Rda1 Rcb8 25. Ra4 h6 26. g3 Rb6 27. b5 Nb2 28. R4a2 Nd3 29. bxa6 Nb4 30. Rb2 Raxa6 31. Rab1 Ncxd5 32. Nxd5 Nxd5 33. Rxb6 Rxb6 34. Rd1 Nf6 35. Nxd6 Kh7 36. Nc4 Re6 37. Re1 e4 38. Kg2 Kg6 39. Ne3 Kf7 40.
Rd1 Re8 41. Ra1 g5 42. Ra7+ Kg6 43. Ra6 Kf7 44. Nf5 Kg6 45. Nxh6 Kxh6 46. Rxf6+ Kg7 47. Ra6 e3 48. fxe3 Rxe3 49. Kh3 Re2 50. g4 Kh7 51.
Kg3 Rb2 52. Rf6 Rb3+ 53. Rf3 Rb2 54. Rf2 Rb3+ 55. Kg2 Kg6 56. Rf3 Rb4 57. Kg3 Ra4 58.
Rc3 Rb4 59. Rc6+ Kg7 60. Kf3 Rf4+ 61. Kg3 Ra4 62. Rc3 Kg6 63. h3 Ra2 64. Kf3 Rb2 65. Rd3 Ra2 66. Ke4 Ra4+ 67. Ke5 Ra5+ 68. Ke6 Ra6+ 69.
Rd6 Ra3 70. Ke5+ Kg7 71. Kf5 Ra5+ 72. Ke6 Ra3 73. Kf5 Ra5+ 74. Ke6 Ra3 75. Rd5 Kg6 76. Rd8 Re3+ 77. Kd6 Rxh3 78. Rg8+ Kf6 79. Rf8+ Kg7 80. Rf5 Kg6 81. Ke6 Re3+ 82. Re5 Ra3 83. Rd5 Ra4 84.
Ke5 Rxg4 85. Rd6+ Kh5 86. Rd8 Rf4 87. Rd1 Rf2 88. Ke4 g4 89. Ke3 Rf3+ 90. Ke2 Kh4 91.
Rh1+ Kg3 92. Rg1+ Kf4 93. Ra1 Kg3 94. Rg1+ Kh3 95. Rh1+ Kg2 96. Rh4 g3 97. Rh8 Rf7 98. Re8 Kg1 99. Re4 g2 100. Re5 Rh7 101. Rg5 Kh1 102. Kf2 Rf7+ 103. Ke2 g1=Q 104. Rh5+ Qh2+ 105. Rxh2+ Kxh2 106. Ke1 0-1

[Event "*** MasterClass Titled Tuesday Blitz"]
[Site "Chess.com"]
[Date "2017.08.01"]
[Round "6"]
[White "CookiesAndIceCream"]
[Black "Caisachess"]
[Result "0-1"]
[WhiteElo "2089"]
[BlackElo "2251"]
[TimeControl "180+2"]
[EndTime "14:13:49 PDT"]
[Termination "Caisachess won by resignation"]

1. e4 e5 2. Nf3 Nc6 3. Bc4 Nf6 4. d3 Bc5 5. c3 d6 6. O-O Bb6 7. a4 a6 8. Na3 O-O 9. Nc2 Ne7 10. Be3 Bxe3 11.
Nxe3 Ng6 12. a5 c6 13. Qb3 Nf4 14. g3 d5 15. gxf4 dxc4 16. Nxc4 exf4 17. Kh1 Qxd3 18.
Nfd2 Nxe4 0-1

[Event "*** MasterClass Titled Tuesday Blitz"]
[Site "Chess.com"]
[Date "2017.08.01"]
[Round "6"]
[White "krzyzan94"]
[Black "Journey_to_GrandMaster_YT"]
[Result "1-0"]
[WhiteElo "2534"]
[BlackElo "2339"]
[TimeControl "180+2"]
[EndTime "14:13:59 PDT"]
[Termination "krzyzan94 won by checkmate"]

1. d4 d6 2. e4 Nf6 3. Nc3 e5 4. Nf3 Nbd7 5. Bc4 Be7 6. g4 Nxg4 7. Rg1 Nb6 8. Bb3 exd4 9. Nxd4 h5 10. h3 Ne5 11. Rxg7 Bxh3 12. Bf4 Bg4 13. Bxe5 dxe5 14.
Bxf7+ Kf8 15. Qxg4 Qxd4 16. Rg8+ Kxf7 17. Qg6# 1-0

[Event "*** MasterClass Titled Tuesday Blitz"]
[Site "Chess.com"]
[Date "2017.08.01"]
[Round "6"]
[White "Lord_Neezy"]
[Black "michaelk123"]
[Result "1-0"]
[WhiteElo "2171"]
[BlackElo "2326"]
[TimeControl "180+2"]
[EndTime "14:14:26 PDT"]
[Termination "Lord_Neezy won by resignation"]

1. e4 c6 2. d4 d5 3. Nc3 dxe4 4.
Nxe4 Bf5 5. Ng3 Bg6 6. Nh3 Nf6 7. Nf4 e5 8. dxe5 Qa5+ 9. c3 Qxe5+ 10. Be2 Nbd7 11.
O-O O-O-O 12. Qa4 Kb8 13. Nxg6 Nc5 14. Bf4 Nxa4 15. Bxe5+ Kc8 16. Nxh8 1-0

[Event "*** MasterClass Titled Tuesday Blitz"]
[Site "Chess.com"]
[Date "2017.08.01"]
[Round "6"]
[White "hassler2"]
[Black "oskariot"]
[Result "0-1"]
[WhiteElo "2323"]
[BlackElo "2495"]
[TimeControl "180+2"]
[EndTime "14:14:35 PDT"]
[Termination "oskariot won by resignation"]

1. b3 a5 2. Bb2 a4 3. e3 e6 4. Nf3 Nf6 5. Be2 Be7 6. O-O O-O 7. a3 axb3 8. cxb3 b6 9. b4 Bb7 10.
Qc2 c5 11. Ng5 g6 12. b5 d5 13. f4 Nbd7 14. g4 c4 15. f5 Nc5 16. fxg6 fxg6 17.
h3 Qd6 18. Rf4 Nfd7 19. Qc3 Bf6 20. Rxf6 Qg3+ 21. Kf1 Rxf6+ 22. Nf3 0-1

[Event "*** MasterClass Titled Tuesday Blitz"]
[Site "Chess.com"]
[Date "2017.08.01"]
[Round "6"]
[White "nihalsarin"]
[Black "DrHolmes13"]
[Result "0-1"]
[WhiteElo "2602"]
[BlackElo "2395"]
[TimeControl "180+2"]
[EndTime "14:14:50 PDT"]
[Termination "DrHolmes13 won by checkmate"]

1. e4 c6 2. Nc3 d5 3. Nf3 Nf6 4. e5 Ne4 5. Ne2 Qb6 6. d4 e6 7.
Ng3 c5 8. Bd3 Nxg3 9. hxg3 cxd4 10. a3 Nc6 11. b4 Bd7 12. Bb2 Bxb4+ 13. axb4 Qxb4+ 14. Kf1 Qxb2 15. Rb1 Qc3 16. Rxb7 a5 17. Ng5 Nxe5 18. Nxh7 Ke7 19. Qh5 Nxd3 20. Qg5+ Kd6 21. cxd3 Qxd3+ 22. Ke1 Rxh7 23. Rxh7 Qxh7 24. Qf4+ e5 25.
Qxf7 Qe4+ 26. Kf1 Qd3+ 27. Ke1 Qc3+ 28. Kf1 Qc1+ 29. Ke2 d3+ 30. Kxd3 Qd1+ 31. Ke3 d4+ 32. Ke4 Qe2# 0-1

[Event "*** MasterClass Titled Tuesday Blitz"]
[Site "Chess.com"]
[Date "2017.08.01"]
[Round "6"]
[White "MateusViageiro"]
[Black "ka1ser64"]
[Result "0-1"]
[WhiteElo "2293"]
[BlackElo "2360"]
[TimeControl "180+2"]
[EndTime "14:15:02 PDT"]
[Termination "ka1ser64 won by resignation"]

1. e4 e6 2. d4 d5 3. Nd2 Nf6 4. e5 Nfd7 5. Bd3 c5 6. c3 Nc6 7. Ne2 cxd4 8. cxd4 f6 9. exf6 Nxf6 10. Nf3 Bd6 11. O-O O-O 12. Bg5 Bd7 13. Bh4 Be8 14.
Bg3 Bh5 15. Ne5 Nxd4 16. Nxd4 Bxd1 17. Nxe6 Qe7 18. Nxf8 Rxf8 19. Raxd1 Bxe5 20. Rfe1 Ne4 21. Bxe4 dxe4 22. Rxe4 Rf5 23. Rde1 Qc5 24. Rxe5 Rxe5 25.
Bxe5 b5 26. a3 a5 27. g3 Qc2 28. Bc3 Qa4 29. Re7 g6 30. Rg7+ Kf8 31. Rxh7 b4 32. axb4 axb4 33. Bf6 Qd1+ 34. Kg2 Qd5+ 35. Kg1 Qd1+ 36.
Kg2 Qd5+ 37. Kg1 Qf3 38. Bg5 Qd1+ 39. Kg2 Qd5+ 40. Kh3 Qxg5 41. Rh4 Qd2 42. Rf4+ Kg7 43. b3 Qc3 0-1

[Event "*** MasterClass Titled Tuesday Blitz"]
[Site "Chess.com"]
[Date "2017.08.01"]
[Round "6"]
[White "lukas_111111"]
[Black "TryingToGetBetter94"]
[Result "1/2-1/2"]
[WhiteElo "2422"]
[BlackElo "2338"]
[TimeControl "180+2"]
[EndTime "14:15:05 PDT"]
[Termination "Game drawn by agreement"]

1. e4 e5 2. Nf3 Nc6 3. Bb5 f5 4. d3 fxe4 5. dxe4 Nf6 6. O-O Bc5 7.
Qd3 d6 8. Qc4 Bd7 9. Nc3 Qe7 10.
Nd5 Nxd5 11. exd5 Nd4 12. Bxd7+ Qxd7 13. Nxd4 Bxd4 14. c3 Bb6 15. a4 a6 16. a5 Ba7 17.
Be3 O-O 18. Bxa7 Rxa7 19. f4 exf4 20. Rxf4 Raa8 21. Raf1 Qe7 22. Rxf8+ Rxf8 23. Rxf8+ Kxf8 24. Qf4+ Kg8 25. Kf2 h6 26. h3 Kh7 27. Qf5+ g6 28.
Qc8 Qh4+ 29. g3 Qf6+ 30. Kg2 Qe7 1/2-1/2

[Event "*** MasterClass Titled Tuesday Blitz"]
[Site "Chess.com"]
[Date "2017.08.01"]
[Round "6"]
[White "Ilja_Semjonovs"]
[Black "wonderfultime"]
[Result "1-0"]
[WhiteElo "2418"]
[BlackElo "2639"]
[TimeControl "180+2"]
[EndTime "14:15:11 PDT"]
[Termination "Ilja_Semjonovs won by resignation"]

1. e4 c5 2. Nf3 d6 3. d4 cxd4 4. Nxd4 Nf6 5. Nc3 g6 6. Be3 Bg7 7. f3 O-O 8. Qd2 Nc6 9. O-O-O d5 10. exd5 Nxd5 11. Nxc6 bxc6 12. Nxd5 cxd5 13. Bh6 Bxh6 14.
Qxh6 Qb6 15. h4 Rb8 16. b3 Qf6 17. Kb1 Rd8 18. h5 Bf5 19. Bd3 Bxd3 20. Rxd3 e6 21. hxg6 hxg6 22. f4 Rb4 23. Rdh3 Rdb8 24. g4 Rxf4 25. Qh8+ 1-0

[Event "*** MasterClass Titled Tuesday Blitz"]
[Site "Chess.com"]
[Date "2017.08.01"]
[Round "6"]
[White "jb2mix"]
[Black "Al_Shima"]
[Result "1-0"]
[WhiteElo "2464"]
[BlackElo "2377"]
[TimeControl "180+2"]
[EndTime "14:15:17 PDT"]
[Termination "jb2mix won by resignation"]

1. d4 Nf6 2. c4 Nc6 3. Nf3 e6 4. g3 Bb4+ 5. Nbd2 d6 6. Bg2 O-O 7. O-O Bxd2 8. Bxd2 Qe7 9. Bc3 e5 10. dxe5 dxe5 11. Qc2 Bg4 12. h3 Bh5 13. Nh4 Rab8 14. b3 Nd4 15. Bxd4 exd4 16. Rfe1 Rfd8 17. Rad1 Qd7 18. c5 c6 19. g4 Bg6 20. Nxg6 hxg6 21. Qc4 Nh7 22. e3 d3 23. Rd2 Ng5 24. Red1 Ne6 25.
Rxd3 Qe7 26. b4 g5 27. Rd6 a6 28. a3 Qf6 29. Be4 Re8 30. Bf5 Nc7 31. Rxf6 1-0

[Event "*** MasterClass Titled Tuesday Blitz"]
[Site "Chess.com"]
[Date "2017.08.01"]
[Round "6"]
[White "SuperBlitz"]
[Black "renanreis"]
[Result "1-0"]
[WhiteElo "2330"]
[BlackElo "2065"]
[TimeControl "180+2"]
[EndTime "14:15:19 PDT"]
[Termination "SuperBlitz won by checkmate"]

1. g4 h5 2. g5 d5 3. Bg2 Nc6 4. c4 e6 5. cxd5 exd5 6. Nc3 Be6 7. d4 Qd7 8. Nf3 h4 9. h3 O-O-O 10. Bf4 Nge7 11. Qa4 Ng6 12. Bh2 Bd6 13. Bxd6 Qxd6 14. Nb5 Qb4+ 15. Qxb4 Nxb4 16. Rc1 c6 17. a3 Nf4 18.
Bf1 Kb8 19. Nc3 Na6 20. e3 Ng6 21. Bxa6 bxa6 22. Na4 Kc7 23. Nc5 Kb6 24. Rc3 Rb8 25. Rb3+ Ka5 26. Nb7+ Rxb7 27. Rxb7 Ra8 28. Nd2 Nf8 29.
Nb3+ Ka4 30. Nc5+ Ka5 31. b4# 1-0

[Event "*** MasterClass Titled Tuesday Blitz"]
[Site "Chess.com"]
[Date "2017.08.01"]
[Round "6"]
[White "Jahonas"]
[Black "josiwales"]
[Result "0-1"]
[WhiteElo "2198"]
[BlackElo "2287"]
[TimeControl "180+2"]
[EndTime "14:15:23 PDT"]
[Termination "josiwales won by resignation"]

1. d4 d5 2. Nf3 Nf6 3. c4 c6 4.
Nc3 dxc4 5. a4 Bf5 6. Ne5 e6 7. e3 Bb4 8. Bxc4 Nbd7 9. Nd3 a5 10. Bd2 O-O 11. O-O c5 12. Nxb4 axb4 13. Nb5 Nb6 14. Qe2 Nxc4 15. Qxc4 b6 16. Rfd1 Qd5 17. Qf1 Qb3 18. a5 Bd3 19. Qe1 Bxb5 20. axb6 Rxa1 21. Rxa1 cxd4 22. Bxb4 Rd8 23. Be7 Rb8 24. Bc5 dxe3 25. Qxe3 Qxe3 26. fxe3 h6 27. Ra5 Bc6 28. Ra6 Ne4 29.
Bd4 f6 0-1

[Event "*** MasterClass Titled Tuesday Blitz"]
[Site "Chess.com"]
[Date "2017.08.01"]
[Round "6"]
[White "XDPS"]
[Black "chessdude"]
[Result "1/2-1/2"]
[WhiteElo "2526"]
[BlackElo "2441"]
[TimeControl "180+2"]
[EndTime "14:15:24 PDT"]
[Termination "Game drawn by repetition"]

1. e4 e5 2. Nf3 Nc6 3. Bb5 a6 4. Ba4 Nf6 5. O-O Be7 6. d3 b5 7. Bb3 d6 8. a3 Na5 9. Ba2 c5 10. b4 Nc6 11. bxc5 dxc5 12. Bb2 Qd6 13. a4 Rb8 14. axb5 axb5 15. Nc3 O-O 16. Nd5 Nxd5 17. Bxd5 Nd4 18. Bxd4 cxd4 19. Qb1 Be6 20. Bxe6 Qxe6 21. Qa2 Qxa2 22. Rxa2 f6 23. Rb1 Rfc8 24. Kf1 b4 25. Ke2 Rc7 26. Nd2 Rbc8 27. Kd1 g6 28. Rba1 Bf8 29.
Nc4 Rb8 30. Ra8 Rcc8 31. Rxb8 Rxb8 32. Nd2 Bh6 33. Nb3 Rc8 34. Ra6 Bg7 35. Kc1 f5 36. f3 fxe4 37. fxe4 Rf8 38. Nc5 Bh6+ 39. Kb2 Rf2 40.
Ra8+ Kf7 41. Ra7+ Kg8 42. Nd7 Bg7 43. Ra8+ Kf7 44. Ra7 Kg8 45. Ra8+ Kf7 46. Ra7 Kg8 1/2-1/2

[Event "*** MasterClass Titled Tuesday Blitz"]
[Site "Chess.com"]
[Date "2017.08.01"]
[Round "6"]
[White "DavidMarkosyan"]
[Black "viggi38"]
[Result "1-0"]
[WhiteElo "2497"]
[BlackElo "2386"]
[TimeControl "180+2"]
[EndTime "14:15:26 PDT"]
[Termination "DavidMarkosyan won by resignation"]

1. Nf3 f5 2. b3 Nf6 3. Bb2 e6 4.
g3 Be7 5. Bg2 O-O 6. O-O d6 7. c4 e5 8. Nc3 c6 9. d4 e4 10. Nd2 d5 11. e3 Be6 12. Rc1 Nbd7 13. f4 exf3 14. Qxf3 Ne4 15. Qe2 Ndf6 16. Nf3 Nxc3 17.
Bxc3 Ne4 18. Bb2 a5 19. a3 Bd6 20. Ne5 Bxe5 21. dxe5 Qb6 22. cxd5 Bxd5 23. Bd4 Qxb3 24. Rb1 Qc4 25. Qb2 Rfb8 26. Rfc1 Qa6 27. e6 Qa7 28. Bxa7 1-0

[Event "*** MasterClass Titled Tuesday Blitz"]
[Site "Chess.com"]
[Date "2017.08.01"]
[Round "6"]
[White "scrapnel"]
[Black "Fins0905"]
[Result "0-1"]
[WhiteElo "2489"]
[BlackElo "2423"]
[TimeControl "180+2"]
[EndTime "14:15:52 PDT"]
[Termination "Fins0905 won by resignation"]

1. c4 c6 2. e4 d5 3. exd5 cxd5 4. d4 Nf6 5. Nc3 Nc6 6. Bg5 Be6 7. a3 g6 8. Bxf6 exf6 9. Be2 Bh6 10. Bf3 Ne7 11.
cxd5 Nxd5 12. Nxd5 Bxd5 13. Bxd5 Qxd5 14. Nf3 O-O 15. O-O Rac8 16. Re1 Rc7 17. Qa4 b5 18.
Qb4 Rfc8 19. Rad1 Rc2 20. Re7 Bf8 21. Qe1 Bxe7 22. Qxe7 Kg7 23. Qxa7 Rxb2 24. h4 Qb3 25. Re1 Rb1 26. Rxb1 Qxb1+ 27. Kh2 Qf5 28. Qb7 Rc2 29.
Kg1 Qf4 30. g3 Qc1+ 0-1

[Event "*** MasterClass Titled Tuesday Blitz"]
[Site "Chess.com"]
[Date "2017.08.01"]
[Round "6"]
[White "jeaston1"]
[Black "IvaVidenova"]
[Result "0-1"]
[WhiteElo "2205"]
[BlackElo "2441"]
[TimeControl "180+2"]
[EndTime "14:16:14 PDT"]
[Termination "IvaVidenova won by resignation"]

1. d4 Nf6 2. c4 g6 3. Nc3 d5 4. cxd5 Nxd5 5. e4 Nxc3 6. bxc3 Bg7 7. Nf3 c5 8. Be3 O-O 9. Rc1 Qa5 10. Qd2 Bg4 11. Be2 Nd7 12. d5 c4 13. Nd4 Bxe2 14. Qxe2 Ne5 15. O-O b5 16. Rb1 a6 17.
Rfc1 Nd3 18. Rc2 Rac8 19. a4 bxa4 20. Nc6 Rxc6 21. dxc6 Qc7 22. Bd4 e5 23. Be3 Qxc6 24. Ra2 Qxe4 25. Rba1 f5 26. f3 Qd5 27. Rxa4 e4 28.
f4 Bxc3 29. Rd1 Bd4 30. Rxa6 Nxf4 31. Qf2 Bxe3 0-1